 Dungeon Crawl Stone Soup version 0.29.1-1-gd02db6906a (webtiles) character file.

Game seed: 1108885671260469712

325 Earthwalker the Trooper (level 6, -1/56 HPs)
             Began as a Minotaur Fighter on Oct 13, 2022.
             Slain by an orc priest
             ... wielding a +0 hand axe
              (2 damage)
             ... on level 5 of the Dungeon.
             The game lasted 00:04:17 (2942 turns).

Earthwalker the Trooper (Minotaur Fighter)          Turns: 2942, Time: 00:04:18

Health: -1/56      AC:  7    Str: 23    XL:     6   Next: 24%
Magic:  5/5        EV: 10    Int:  5    God:
Gold:   214        SH:  4    Dex:  9    Spells: 5/5 levels left

rFire   . . .      SeeInvis .   a - +0 war axe
rCold   . . .      Faith    .   c - +0 buckler
rNeg    . . .      Spirit   .   b - +0 scale mail
rPois   .          Reflect  .   (helmet restricted)
rElec   .          Harm     .   (no cloak)
rCorr   .          Rampage  .   (no gloves)
Will    .....                   (no boots)
Stlth   ..........              (no amulet)
HPRegen 0.18/turn               (no ring)
MPRegen 0.09/turn               (no ring)

@: no status effects
A: horns 2, retaliatory headbutt
a: no special abilities


You were on level 5 of the Dungeon.
You visited 1 branch of the dungeon, and saw 6 of its levels.

You collected 214 gold pieces.

Inventory:

Hand Weapons
 a - a +0 war axe (weapon)
Missiles
 h - 25 stones (quivered)
 i - 7 poisoned darts
Armour
 b - a +0 scale mail (worn)
 c - a +0 buckler (worn)
Jewellery
 m - a ring of wizardry
Wands
 u - a wand of flame (6)
Scrolls
 e - 5 scrolls of blinking {unknown}
 f - 5 scrolls of identify {unknown}
 g - a scroll of brand weapon {unknown}
 j - a scroll of magic mapping {unknown}
 n - a scroll of silence {unknown}
 q - a scroll of amnesia {unknown}
 r - a scroll of teleportation {unknown}
 s - a scroll of torment {unknown}
 t - a scroll of vulnerability {unknown}
Potions
 d - a potion of might
 k - 2 potions of degeneration {unknown}
 l - 4 potions of curing {unknown}
 o - a potion of lignification {unknown}
 p - a potion of cancellation {unknown}


   Skills:
 * Level 5.1 Fighting
 * Level 4.0 Axes
 + Level 1.5 Throwing
 * Level 4.7 Armour
 * Level 2.3 Dodging
 * Level 4.8 Shields


You had 5 spell levels left.
You didn't know any spells.
Your spell library contained the following spells:

 Spells                   Type           Power      Damage    Failure   Level
 Freeze                   Ice            0%         1d3       86%         1
 Frozen Ramparts          Ice            0%         1d1       99%         3
 Gell's Gravitas          Tloc           0%         N/A       99%         3
 Ignite Poison            Fire/Tmut/Pois 0%         N/A       99%         3
 Lesser Beckoning         Tloc           0%         N/A       99%         3
 Mephitic Cloud           Conj/Pois/Air  0%         N/A       99%         3
 Teleport Other           Tloc           0%         N/A       99%         3
 Hailstorm                Conj/Ice       0%         3d3       100%        4
 Freezing Cloud           Conj/Ice/Air   0%         6-21      100%        5


Dungeon Overview and Level Annotations

Branches:
Dungeon (6/15)
 Temple: D:4-7

Altars:
Ashenzari


Innate Abilities, Weirdness & Mutations

You have a pair of horns on your head.
You reflexively headbutt those who attack you in melee.


Message History

You closely miss the orc priest.
The orc priest calls down the wrath of Beogh upon you.
Pain shoots through your body! The orc priest hits you with a +0 whip.
The orc hits you with a +0 flail!
You are too injured to fight recklessly!
Unknown command.
You are too injured to fight recklessly!
You slash the orc priest!
The orc priest is severely wounded.
You hit the orc. You closely miss the orc priest.
The orc priest hits you but does no damage.
The orc priest closely misses you. You furiously retaliate!
You headbutt the orc priest.
You kill the orc priest!
The orc hits you with a +0 flail.
Your Axes skill increases to level 4!
You hit the orc priest but do no damage.
The orc priest is lightly wounded.
You hit the orc.
The orc priest mumbles some strange prayers to Beogh against you.
Beogh smites you!
* * * LOW HITPOINT WARNING * * *
The orc barely misses you. You furiously retaliate!
You headbutt the orc.
You kill the orc!
The orc priest barely misses you. You furiously retaliate!
You headbutt the orc priest, but do no damage.
You hit the orc priest but do no damage.
The orc priest is lightly wounded.
The orc priest hits you but does no damage.
You barely miss the orc priest.
The orc priest is lightly wounded.
The orc priest hits you with a +0 hand axe.
* * * LOW HITPOINT WARNING * * *
You hit the orc priest but do no damage.
The orc priest is lightly wounded.
You block the orc priest's attack.
The orc priest hits you but does no damage.
You closely miss the orc priest. Your headbutt misses the orc priest.
The orc priest hits you with a +0 hand axe.
You die...

..####†..## #.##.#
#.# ..........#
#.##.###.#
.####...##
#.##..##.# ##.##
#.###.##.# #.# #.#
#.##.# #.#
#.###.##.# ##'##
#...._...# ##=..##
#####.#### #.)@o.#
##.# #...))..# ##..#
#.........####...###
+.........+........#
#.........####.....#
##.......## #.....#
##.....## #...†.#
##...## #.....#
####.##


You could see an orc priest.

Vanquished Creatures
  A scorpion (D:5)
  2 hounds
  An orc priest (D:5)
  Natasha (thrice) (D:2)
  4 adders
  A white imp (D:5)
  5 orcs
  7 endoplasms
  6 goblins
  9 hobgoblins
  3 ball pythons
  3 bats
  4 frilled lizards
  7 kobolds
  3 rats
59 creatures vanquished.

Notes
Turn   | Place    | Note
-------+----------+-------------------------------------------
     0 | D:1      | Earthwalker the Minotaur Fighter began the quest for the
                  | Orb.
     0 | D:1      | Reached XP level 1. HP: 19/19 MP: 0/0
   385 | D:1      | Reached XP level 2. HP: 27/27 MP: 1/1
   542 | D:1      | Reached skill level 4 in Fighting
  1051 | D:2      | Reached XP level 3. HP: 11/33 MP: 2/2
  1404 | D:2      | Noticed Natasha
  1409 | D:2      | Killed Natasha
  1410 | D:2      | Reached skill level 1 in Dodging
  1597 | D:2      | Noticed Natasha
  1603 | D:2      | Killed Natasha
  1604 | D:2      | Reached XP level 4. HP: 36/41 MP: 3/3
  1619 | D:2      | Noticed Natasha
  1624 | D:2      | Killed Natasha
  1625 | D:2      | Reached skill level 1 in Throwing
  2140 | D:3      | Reached XP level 5. HP: 47/47 MP: 4/4
  2384 | D:3      | Found a faded altar of an unknown god.
  2750 | D:4      | You fall into a shaft and drop 2 floors!
  2774 | D:5      | Entered Level 5 of the Dungeon
  2782 | D:5      | Reached skill level 5 in Fighting
  2794 | D:5      | Reached XP level 6. HP: 51/56 MP: 5/5
  2795 | D:5      | Found a broken altar of Ashenzari.
  2940 | D:5      | HP: 1/56 [orc priest/+0 hand axe (5)]
  2942 | D:5      | Slain by an orc priest

Illustrated notes

Levels and vault maps discovered:
D:1:      sevenhm_arrival_forest_fort_small_3, layout_loops_ring,
          minmay_misc_feat_ornament
D:2:      layout_basic, uniq_natasha
D:3:      layout_basic, ebering_ecumenical_altar_mist
D:4:      layout_loops_ring, marbit_many_paths,
          nicolae_concentric_dashed_squares_wild, st_stairs_5, minivault_4,
          minmay_diced_spiral, uniq_robin, uniq_crazy_yiuf_cottage
D:5:      layout_loops_corners, yredelemnul_forgotten_temple_becter,
          led_xom_imps, lemuel_crystal_altar, uniq_grinder
D:6:      layout_basic, grunt_temple_overflow_gold_and_silver,
          minmay_temple_entry_proselytizer

Skill      XL: |  1  2  3  4  5  6 |
---------------+-------------------+-----
Fighting       | 4 5 |  5.1
Shields        | 4 |  4.8
Axes           | 3 4 |  4.0
Armour         | 4 |  4.7
Dodging        | 1 2 |  2.3
Throwing       | 1 |  1.5

Action                   |  1- 3 |  4- 6 || total
-------------------------+-------+-------++-------
Melee: War axe           |    66 |    67 ||   133
       Headbutt          |    11 |     9 ||    20
Armor: Scale mail        |    24 |    28 ||    52
Dodge: Dodged            |    30 |    22 ||    52
Block: Buckler           |    16 |    16 ||    32
